 Dungeon Crawl Stone Soup version 0.18-b1-22-ge198996 (webtiles) character file.

382 Alarkh the Poker (level 6, -3/44 HPs)
             Began as a Mummy Skald on May 4, 2016.
             Slain by a sky beast (5 damage)
             ... on level 5 of the Dungeon.
             The game lasted 00:05:24 (3732 turns).

Alarkh the Poker (Mummy Skald)                      Turns: 3732, Time: 00:05:25

Health: -3/44      AC:  3    Str: 16      XL:     6   Next: 47%
Magic:  9/9        EV: 11    Int:  8 (13) God:
Gold:   117        SH:  0    Dex: 11      Spells: 3 memorised, 4 levels left

rFire  x . .     SeeInvis .     a - +0 spear
rCold  + . .     Gourm    .     b - +0 leather armour
rNeg   + + +     Faith    .     (no shield)
rPois  ∞         Spirit   .     (no helmet)
rElec  .         Dismiss  .     (no cloak)
rCorr  .         Reflect  .     (no gloves)
SustAt .         Harm     .     (no boots)
MR     .....                    (no amulet)
Stlth  +.........               (no ring)
                                (no ring)

@: not resistant to hostile enchantments, very unstealthy
A: no food or potions, fire vulnerability, cold resistance 1, negative energy
resistance 3, torment resistance, unbreathing
a: no special abilities


You were on level 5 of the Dungeon.
You were not hungry.

You visited 2 branches of the dungeon, and saw 7 of its levels.

You collected 117 gold pieces.

Inventory:

Hand Weapons
 a - a +0 spear (weapon)
 k - the +4 whip of Ruaceps {pain, *Corrode +Inv rC+ Stlth+}
   (You found it on level 5 of the Dungeon)

   In the hands of one skilled in necromantic magic, it inflicts extra damage on
   living creatures.
   It protects you from cold.
   It lets you turn invisible.
   It may corrode you when you take damage.
   It makes you more stealthy.
Armour
 b - a +0 leather armour (worn)
Scrolls
 d - 4 scrolls of remove curse {unknown}
 e - a scroll of identify {unknown}
 f - 2 scrolls of teleportation {unknown}
 g - a scroll of noise {unknown}
 h - 3 scrolls of enchant armour {unknown}
 j - a scroll of fog {unknown}
Books
 c - a book of Battle

   Spells                             Type                      Level
   a - Infusion                       Charms                       1
   b - Shroud of Golubria             Charms/Translocation         2
   c - Song of Slaying                Charms                       2
   d - Spectral Weapon                Hexes/Charms                 3
   e - Regeneration                   Charms/Necromancy            3
 i - a book of Debilitation

   Spells                             Type                      Level
   a - Corona                         Hexes                        1
   b - Slow                           Hexes                        2
   c - Gell's Gravitas                Hexes/Translocation          3
   d - Inner Flame                    Hexes/Fire                   3
   e - Cause Fear                     Hexes                        4
   f - Leda's Liquefaction            Hexes/Earth                  4


   Skills:
 - Level 2.0 Fighting
 + Level 5.8 Polearms
 - Level 0.7 Armour
 - Level 0.7 Dodging
 - Level 2.0 Spellcasting
 - Level 2.4 Charms


You had 4 spell levels left.
You knew the following spells:

 Your Spells              Type           Power        Failure   Level  Hunger
a - Infusion              Chrm           #...         21%         1    N/A
b - Song of Slaying       Chrm           #.......     30%         2    N/A
c - Shroud of Golubria    Chrm/Tloc      #.........   43%         2    N/A

Dungeon Overview and Level Annotations

Branches:
Dungeon (6/15)             Temple (1/1) D:5

Altars:
Cheibriados
Dithmenos
Elyvilon
Kikubaaqudgha
Makhleb
Pakellas
Qazlal
Sif Muna
Vehumet
Xom
Yredelemnul
The Shining One

Annotations:
D:3 Sigmund
D:4 Dowan


Innate Abilities, Weirdness & Mutations

You do not eat or drink.
Your flesh is vulnerable to fire.
You are immune to poison.
Your flesh is cold resistant.
You are immune to negative energy.
You are immune to unholy pain and torment.
You can survive without breathing.


Message History

The water moccasin skeleton bites you.
You climb downwards.
A hound and a zombie come into view.
The hound barks!
Found 22 stones.
There is a stone staircase leading up here.
Read which item? (? for menu, Esc to quit)
Okay, then.
You climb upwards.
The water moccasin skeleton bites you. The ogre misses you. Something hits you.
* * * LOW HITPOINT WARNING * * *
Something shocks you.
* * * LOW HITPOINT WARNING * * *
There is a stone staircase leading down here.
You closely miss something. The water moccasin skeleton bites you.
* * * LOW HITPOINT WARNING * * *
The ogre misses you. Something hits you.
* * * LOW HITPOINT WARNING * * *
Something shocks you.
You die...

###### #....#
#....########
######....#......#
#...##....#..<...#
#...##...........#
#...#............#
####...#........@.### .
...(...#.......O#Z# ###.
.........##.#.###.# ...
.....######.......#####.#
.....# #######.......#
#+#### ######.......#
#............#
#...........## #
#...........#


You could see an ogre and a water moccasin skeleton.

Vanquished Creatures
  A centaur (D:5)
  A giant frog (D:2)
  A crimson imp (D:5)
  2 worker ants (D:5)
  Ijyb (D:1)
  A hound zombie (D:5)
  6 adders
  A shadow imp (D:5)
  2 oozes
  2 dart slugs
  A giant gecko (D:2)
  An orc (D:5)
  3 giant cockroaches
  4 goblins
  2 hobgoblins (D:1)
  4 jackals
  A ball python (D:5)
  7 bats
  3 giant newts
  5 kobolds
  8 rats
57 creatures vanquished.

Vanquished Creatures (others)
  An adder (D:3)
  A rat (D:3)
2 creatures vanquished.

Grand Total: 59 creatures vanquished

Notes
Turn   | Place    | Note
--------------------------------------------------------------
     0 | D:1      | Alarkh the Mummy Skald began the quest for the Orb.
     0 | D:1      | Reached XP level 1. HP: 16/16 MP: 3/3
   190 | D:1      | Reached skill level 2 in Polearms
   263 | D:1      | Reached XP level 2. HP: 9/22 MP: 0/5
   833 | D:1      | Reached XP level 3. HP: 22/27 MP: 3/6
  1170 | D:2      | Reached skill level 3 in Polearms
  1272 | D:2      | Noticed Ijyb
  1450 | D:1      | Learned a level 2 spell: Song of Slaying
  1453 | D:1      | Learned a level 2 spell: Shroud of Golubria
  1476 | D:1      | Killed Ijyb
  1476 | D:1      | Reached XP level 4. HP: 15/33 MP: 0/7
  1574 | D:2      | Found a faded altar to an unknown god.
  1600 | D:2      | Became a worshipper of Sif Muna the Loreminder
  1600 | D:2      | Reached * piety under Sif Muna
  1883 | D:2      | Fell from the grace of Sif Muna
  2043 | D:2      | Reached skill level 4 in Polearms
  2499 | D:3      | Noticed Sigmund
  2526 | D:2      | Noticed a giant frog
  2532 | D:2      | Killed a giant frog
  2532 | D:2      | Reached XP level 5. HP: 32/38 MP: 3/8
  2582 | D:3      | Found an ancient bone altar of Kikubaaqudgha.
  2582 | D:3      | Found a shadowy altar of Dithmenos.
  2582 | D:3      | Found a basalt altar of Yredelemnul.
  2617 | D:4      | Noticed Dowan
  2739 | D:5      | Entered Level 5 of the Dungeon
  3043 | D:5      | Reached skill level 5 in Polearms
  3152 | D:5      | Found a burning altar of Makhleb.
  3171 | D:5      | Got a shimmering whip
  3172 | D:5      | Identified the +4 whip of Ruaceps {pain, *Corrode +Inv rC+ Stlth+} (You found it on level 5 of the Dungeon)
  3226 | D:5      | Reached XP level 6. HP: 31/44 MP: 2/9
  3386 | D:5      | Found a staircase to the Ecumenical Temple.
  3407 | Temple   | Entered the Ecumenical Temple
  3683 | D:5      | Noticed a sky beast
  3732 | D:5      | HP: 2/44 [something (2)]
  3732 | D:5      | Slain by a sky beast

Skill      XL: |  1  2  3  4  5 |
---------------+----------------+-----
Polearms       | 2 3 4 5 |  5.8
Fighting       | |  2.0
Armour         | |  0.7
Dodging        | |  0.7
Spellcasting   | |  2.0
Charms         | |  2.4

Action                   |  1- 3 |  4- 6 || total
-------------------------+-------+-------++-------
Melee: Spear             |   134 |   168 ||   302
       Whip              |       |    18 ||    18
 Cast: Infusion          |    22 |    21 ||    43
       Shroud of Golubri |     1 |       ||     1
Invok: Renounce Religion |       |     1 ||     1
Armor: Leather armour    |    31 |    41 ||    72
Dodge: Dodged            |    76 |   100 ||   176
